 Dungeon Crawl Stone Soup version 0.15-a0-895-g19c7863 (webtiles) character file.

456 Iamburgie the Ducker (level 6, -1/47 HPs)
             Began as a Vampire Chaos Knight on May 19, 2014.
             Was a Plaything of Xom.
             Shot with an arrow by a centaur (8 damage)
             ... on Level 5 of the Dungeon.
             The game lasted 00:17:11 (4330 turns).

Iamburgie the Ducker (Vampire Chaos Knight)         Turns: 4330, Time: 00:17:11

HP  -1/47        AC  5     Str 11      XL: 6   Next: 77%
MP   6/6         EV 13     Int 14      God: Xom
Gold 113         SH  0     Dex 15      Spells:  0 memorised,  5 levels left

rFire  . . .     SeeInvis +     a - +1 falchion (chaos)
rCold  . . .     Clarity  .     b - +3 leather armour
rNeg   + . .     Conserve .     (no shield)
rPois  .         rCorr    .     (no helmet)
rElec  .         rRot     .     j - +0 cloak
SustAb .         Spirit   .     (no gloves)
rMut   .         Warding  .     (no boots)
Gourm  .         Stasis   .     (no amulet)
MR     .....                    l - ring of see invisible
                                o - cursed -2 ring of protection

@: not resistant to hostile enchantments, fairly stealthy
A: bottle blood, fangs 3, see invisible, unbreathing
a: Bat Form, Bottle Blood, Renounce Religion


You were on level 5 of the Dungeon.
You worshipped Xom.
You were a plaything of Xom.
You were not thirsty.

You visited 1 branch of the dungeon, and saw 5 of its levels.

You collected 113 gold pieces.

Inventory:

Hand weapons
 a - a +1,+1 falchion of chaos (weapon)
 n - a +1,+1 long sword of holy wrath
Armour
 b - a +3 leather armour (worn)
 j - a +0 cloak (worn)
Scrolls
 f - a scroll of fear
 k - 2 scrolls of identify
Jewellery
 l - a ring of see invisible (right hand)
 o - a cursed -2 ring of protection (left hand)
 p - a +4,+3 ring of slaying {unknown}
Potions
 c - a potion of restore abilities {unknown}
 d - a potion of experience {unknown}
 e - a potion of poison {unknown}
 g - 6 potions of curing
 h - a potion of paralysis {unknown}
 i - 2 potions of brilliance {unknown}
 m - a potion of agility {unknown}


   Skills:
 + Level 3.4 Fighting
 + Level 4.6 Long Blades
 + Level 2.0 Armour
 + Level 5.1 Dodging
 + Level 4.0 Stealth


You had 5 spell levels left.
You didn't know any spells.

Dungeon Overview and Level Annotations

Branches:
Dungeon (5/15)             Temple (0/1) D:4

Altars:
Ashenzari

Annotations:
D:5 Mottled's ghost, weakling HOBe


Innate Abilities, Weirdness & Mutations

You can bottle blood from corpses.
You have razor-sharp teeth.*
You have supernaturally acute eyesight.
You can survive without breathing.*


Message History

Mottled's ghost barely misses you.
You miss Mottled's ghost. Mottled's ghost misses you.
You barely miss Mottled's ghost. Mottled's ghost hits you!
The centaur shoots an arrow.
The arrow closely misses you.
You slash Mottled's ghost!
Mottled's ghost is moderately damaged.
The centaur shoots an arrow.
The arrow hits you.
Mottled's ghost hits you but does no damage.
The centaur shoots an arrow.
The arrow hits you. Mottled's ghost hits you.
You hit Mottled's ghost.
Mottled's ghost is heavily damaged.
The centaur shoots an arrow.
The arrow hits you!
* * * LOW HITPOINT WARNING * * *
Mottled's ghost wails, "To die, to sleep, no more."
Mottled's ghost closely misses you.
You miss Mottled's ghost. Your bite misses Mottled's ghost.
Mottled's ghost is heavily damaged.
The centaur shoots an arrow.
The arrow hits you!
You die...
Xom cackles wildly!

#.#........
#.#...c...<.
#.#.........
#.#.....c...
#.#........l.
#(c.<....K...
##.#..........
#####..#######.##
#.....@# ##.###W#
# #.# ... #..
#... .... .....
#..


You could see a centaur and Mottled's ghost.

Vanquished Creatures
  The ghost of Iamburgie the Poker, an average DsAK of Lugonu (D:3)
  2 ogres
  A centaur skeleton (D:4)
  Crazy Yiuf (D:2)
  A hound (D:4)
  3 adders
  An inept feature mimic (D:2)
  A worm (D:4)
  An adder skeleton (D:4)
  3 oozes
  3 orcs
  A ball python (D:4)
  7 bats
  7 giant cockroaches
  10 hobgoblins
  6 jackals
  2 quokkas
  7 giant newts
  10 goblins
  7 kobolds
  7 rats
82 creatures vanquished.

Vanquished Creatures (others)
  A jackal (D:4)
1 creature vanquished.

Grand Total: 83 creatures vanquished

Notes
Turn   | Place    | Note
--------------------------------------------------------------
     0 | D:1      | Iamburgie, the Vampire Chaos Knight, began the quest for the Orb.
     0 | D:1      | Reached XP level 1. HP: 17/17 MP: 1/1
   154 | D:1      | Reached XP level 2. HP: 23/23 MP: 2/2
   155 | D:1      | XOM: confuse monster(s)
   226 | D:1      | XOM: harmless Ice miscast
   565 | D:1      | XOM: divination: magic mapping
   998 | D:2      | Found a shattered altar of Ashenzari.
  1044 | D:2      | Reached XP level 3. HP: 18/28 MP: 3/3
  1238 | D:2      | XOM: divination: detect items
  1251 | D:2      | Noticed Crazy Yiuf
  1264 | D:2      | Killed Crazy Yiuf
  1264 | D:2      | Reached XP level 4. HP: 33/35 MP: 4/4
  1478 | D:2      | Reached skill level 1 in Armour
  1478 | D:2      | Reached skill level 1 in Stealth
  1562 | D:2      | XOM: mild Summ miscast
  1688 | D:2      | XOM is BORED!
  1688 | D:2      | XOM: silly message
  1874 | D:2      | XOM: harmless Erth miscast
  2269 | D:3      | Noticed an ogre
  2273 | D:3      | Killed an ogre
  2273 | D:3      | Reached skill level 4 in Long Blades
  2273 | D:3      | Reached XP level 5. HP: 14/41 MP: 5/5
  2322 | D:3      | XOM: harmless Chrm miscast
  2344 | D:3      | Noticed Iamburgie's ghost (average DsAK)
  2486 | D:2      | XOM: mild Hex miscast
  2591 | D:2      | XOM: cast spell 'Flight'
  2854 | D:3      | XOM: divination: detect creatures
  2856 | D:3      | XOM: cast spell 'Blink'
  2869 | D:3      | Killed Iamburgie's ghost
  3345 | D:4      | Found a staircase to the Ecumenical Temple.
  3372 | D:4      | Reached XP level 6. HP: 47/47 MP: 6/6
  3832 | D:4      | XOM: potion effect (invisibility)
  4044 | D:4      | Reached skill level 5 in Dodging
  4185 | D:4      | XOM: confuse monster(s)
  4319 | D:5      | Entered Level 5 of the Dungeon
  4321 | D:5      | Noticed Mottled's ghost (weakling HOBe)
  4330 | D:5      | Shot with an arrow by a centaur

Action                   |  1- 3 |  4- 6 || total
-------------------------+-------+-------++-------
Melee: Falchion          |    96 |   166 ||   262
  Use: Scroll            |     1 |     9 ||    10
 Stab: Paralysed         |       |     8 ||     8
       Sleeping          |       |     3 ||     3
       Distracted        |       |     2 ||     2
       Invisible         |       |     3 ||     3
       Confused          |       |     2 ||     2
